Map: 세종과학기지 - 래더

Players

GhostKing - Winner!

  • Race: Terran Terran
  • League: Master

Graphix

  • Race: Zerg Zerg
  • League: Grandmaster

VOD

Have the link to the VOD?

Description

Time

  • Played on: Nov. 7, 2016, 4:31 p.m.
  • Length: 23:53
Show
View Real Time Build Order
Export as new Build Order

GhostKing Terran - Winner!

Build Orders:  

Get SALT Encoding   

  12  0:08  Supply Depot  
  12  0:14  SCV  
  13  0:36  Refinery  
  13  0:39  Barracks  
  13  0:58  Barracks  
  13  1:00  SCV  
  14  1:13  SCV  
  15  1:27  Orbital Command  
  15  1:28  Reaper  
  16  1:36  Refinery  
  16  1:46  Reaper  
  17  1:53  SCV  
  18  2:00  Reaper  
  19  2:06  SCV  
  20  2:18  Reaper  
  21  2:27  Supply Depot, SCV  
  22  2:32  Reaper  
  23  2:44  SCV  
  23  2:50  Reaper  
  24  2:55  Factory  
  24  2:56  SCV  
  25  3:05  Supply Depot  
  26  3:08  SCV  
  27  3:22  Reaper  
  25  3:30  SCV  
  23  3:39  Command Center  
  23  3:41  Factory Reactor  
  23  3:42  Factory  
  23  3:45  SCV  
  24  3:57  SCV  
  25  4:09  SCV  
  26  4:18  Hellion  
  26  4:19  Hellion  
  26  4:21  SCV  
  31  4:26  Hellion  
  33  4:33  SCV, Starport  
  34  4:43  Starport  
  34  4:44  Starport  
  34  4:46  Widow Mine  
  34  4:48  Factory Tech Lab  
  36  4:56  Orbital Command  
  36  5:06  Hellion  
  36  5:07  SCV  
  39  5:12  Hellion  
  41  5:21  Hellion  
  41  5:23  SCV  
  41  5:27  Hellion  
  46  5:37  Cyclone  
  50  5:43  SCV  
  50  5:44  SCV  
  50  5:45  Starport Tech Lab x2, Hellion  
  54  5:50  Orbital Command  
  54  6:06  Command Center, Cloaking Field  
  54  6:15  SCV  
  55  6:19  Supply Depot  
  55  6:27  SCV x2  
  55  6:29  Supply Depot  
  55  6:31  Supply Depot  
  57  6:44  Banshee x2  
  63  6:51  Cyclone  
  63  6:53  SCV  
  63  6:54  SCV  
  69  7:04  Refinery  
  69  7:05  SCV, Refinery  
  69  7:06  SCV  
  71  7:10  Armory  
  71  7:18  SCV x2  
  71  7:21  Mag-Field Accelerator  
  73  7:25  SCV  
  74  7:30  SCV x2  
  76  7:37  SCV  
  73  7:46  Banshee x2  
  73  7:50  SCV x2  
  80  8:05  SCV x2  
  82  8:08  Factory, Cyclone  
  82  8:10  Factory  
  86  8:16  Liberator  
  86  8:25  SCV  
  87  8:29  Banshee  
  93  8:39  Infernal Pre-Igniter  
  85  8:48  Cyclone  
  79  8:49  Hellion, SCV  
  79  8:55  Liberator  
  82  8:57  Orbital Command  
  82  8:58  SCV  
  82  8:59  Liberator  
  82  9:01  Command Center, SCV, Factory Tech Lab x2  
  80  9:03  Command Center  
  79  9:34  Cyclone  
  79  9:37  Liberator  
  83  9:42  Liberator  
  80  9:49  Orbital Command  
  75  9:57  Cyclone  
  75  9:58  Engineering Bay  
  75  10:04  Hellion  
  75  10:05  Hellion x2  
  77  10:12  SCV x2  
  80  10:14  SCV  
  80  10:24  SCV  
  80  10:25  Cyclone  
  80  10:27  SCV, Refinery  
  86  10:29  Refinery  
  86  10:33  Supply Depot  
  86  10:36  Supply Depot, SCV  
  86  10:40  Hellion x2  
  86  10:41  SCV  
  92  10:42  SCV  
  92  10:48  SCV  
  93  10:53  SCV  
  93  10:55  SCV  
  95  10:57  Starport Reactor x2  
  95  11:00  Orbital Command, SCV  
  96  11:05  SCV  
  96  11:07  Sensor Tower, SCV, Missile Turret  
  98  11:11  Missile Turret  
  98  11:12  SCV  
  98  11:15  Hellion  
  98  11:16  Hellion  
  103  11:21  Cyclone  
  103  11:22  Cyclone  
  111  11:28  Terran Vehicle Weapons Level 1  
  111  11:33  Cyclone  
  115  11:41  Liberator x2  
  115  11:54  Cyclone x2  
  129  12:05  Cyclone  
  133  12:15  Sensor Tower  
  133  12:16  Supply Depot  
  133  12:17  Supply Depot  
  133  12:20  Missile Turret x2  
  133  12:26  Cyclone x2  
  133  12:27  Hellion x2  
  145  12:38  Cyclone  
  149  12:49  Armory x2  
  149  12:52  Factory, Refinery  
  149  12:53  Factory, Refinery  
  149  12:54  Factory x2  
  149  12:58  Cyclone x2  
  155  13:10  Cyclone  
  155  13:12  Planetary Fortress  
  142  13:22  Terran Vehicle And Ship Armor Level 1  
  113  13:30  Cyclone x2  
  113  13:32  Liberator  
  112  13:46  SCV x2  
  112  13:49  Cyclone  
  112  13:51  SCV x2, Refinery  
  112  13:52  SCV  
  122  13:58  SCV x2  
  122  14:02  Cyclone x2  
  128  14:03  SCV x2  
  128  14:04  SCV  
  135  14:10  SCV x2  
  135  14:15  SCV  
  138  14:21  Cyclone  
  120  14:29  Hellion x2  
  120  14:31  Factory Reactor, Factory Tech Lab  
  114  14:32  Factory Tech Lab x2  
  114  14:34  Cyclone  
  114  14:35  Cyclone  
  114  14:37  SCV x2  
  114  14:38  Liberator  
  121  14:41  SCV  
  122  14:50  Hellion  
  124  14:53  Cyclone  
  131  15:01  Cyclone  
  131  15:06  Cyclone  
  122  15:10  Cyclone  
  121  15:17  Cyclone  
  107  15:22  Liberator x2, Hellion  
  107  15:28  Hellion x3  
  115  15:29  SCV x3  
  115  15:30  SCV  
  119  15:41  SCV x2  
  119  15:42  SCV  
  122  15:53  Liberator x2  
  122  15:54  SCV x3  
  122  15:57  SCV  
  125  15:59  Hellion x2, Missile Turret x2  
  125  16:00  Hellion x7  
  125  16:01  Hellion  
  145  16:06  SCV, Missile Turret  
  145  16:07  SCV  
  145  16:08  SCV, Missile Turret  
  145  16:09  SCV  
  155  16:21  Hellion x4  
  155  16:25  Sensor Tower  
  163  16:32  Hellion  
  163  16:34  Liberator  
  163  16:46  Orbital Command, Hellion x2  
  163  16:56  Hellion  
  163  17:04  Missile Turret  
  163  17:05  Sensor Tower  
  163  17:08  Supply Depot x2  
  163  17:09  Supply Depot x2  
  163  17:10  Supply Depot, Hellion  
  163  17:11  Hellion  
  163  17:12  Hellion  
  163  17:13  Cyclone  
  163  17:15  Cyclone  
  160  17:17  Cyclone  
  160  17:19  Cyclone  
  160  17:20  Cyclone  
  163  17:27  Cyclone  
  126  17:45  Cyclone  
  126  17:46  Hellion x4  
  126  17:47  Cyclone  
  126  17:49  Cyclone  
  126  17:51  Cyclone  
  134  17:52  Cyclone  
  138  17:59  Cyclone  
  142  18:07  Hellion  
  144  18:17  Cyclone  
  144  18:19  Cyclone  
  144  18:21  Cyclone  
  144  18:23  Cyclone  
  144  18:24  Cyclone  
  156  18:29  SCV x5  
  156  18:30  Refinery x2  
  156  18:31  Cyclone  
  165  18:41  SCV x3  
  160  18:49  Cyclone  
  160  18:51  Cyclone  
  160  18:54  Cyclone  
  160  18:55  Cyclone  
  166  19:00  Cyclone  
  170  19:03  Cyclone  
  174  19:12  Hellion  
  174  19:13  Hellion x3  
  182  19:22  Hellion  
  182  19:23  Hellion  
  174  19:26  Hellion, Terran Ship Weapons Level 1  
  174  19:27  Hellion  
  170  19:32  Hellion  
  170  19:33  Hellion  
  170  19:34  Liberator, Hellion x3  
  170  19:35  Hellion  
  182  19:43  Hellion  
  176  19:45  Hellion  
  176  19:47  Hellion  
  176  19:49  Hellion  
  183  20:00  Hellion x2  
  183  20:01  Liberator x2  
  183  20:03  Hellion  
  195  20:27  Liberator  
  195  20:28  Liberator  
  152  21:00  Cyclone  
  152  21:01  Cyclone  
  136  21:04  Cyclone  
  120  21:13  Cyclone x2  
  102  21:26  Cyclone  
  102  21:28  Orbital Command, Hellion  
  107  21:32  Cyclone  
  107  21:33  Cyclone  
  107  21:38  Cyclone  
  117  21:53  SCV x2  
  117  21:54  Hellion  
  118  22:01  SCV x2  
  105  22:25  Cyclone x2  
  107  22:32  Refinery x2  
  107  22:40  Hellion x3, Cyclone  
  117  22:50  Hellion  
  111  22:52  Hellion  
  111  22:57  Hellion x3  
  117  23:07  Cyclone  
  117  23:12  Cyclone  
  121  23:15  Cyclone  
Show
View Real Time Build Order
Export as new Build Order

Graphix Zerg 

Build Orders: Hatch First 

Get SALT Encoding   

  12  0:01  Drone  
  13  0:12  Overlord  
  13  0:17  Drone  
  14  0:32  Drone x2  
  14  0:35  Drone  
  17  0:45  Drone  
  18  0:57  Hatchery  
  18  0:59  Drone  
  18  1:03  Extractor  
  17  1:15  Spawning Pool  
  17  1:16  Drone  
  17  1:19  Drone  
  18  1:28  Drone  
  19  1:38  Overlord  
  19  2:02  Zergling x2  
  19  2:03  Zergling x2, Queen, Metabolic Boost  
  23  2:11  Spore Crawler  
  23  2:13  Extractor  
  23  2:15  Spore Crawler  
  19  2:27  Zergling x4  
  19  2:29  Zergling x4  
  24  2:38  Queen  
  23  2:47  Overlord  
  22  2:59  Zergling x2  
  22  3:00  Zergling x4  
  25  3:19  Zergling x8  
  29  3:29  Drone x2  
  29  3:32  Drone x2  
  33  3:43  Drone x2  
  35  3:50  Queen  
  37  3:57  Zergling x6  
  37  4:01  Drone  
  41  4:05  Drone  
  41  4:06  Drone  
  43  4:16  Drone  
  44  4:22  Overlord  
  44  4:29  Overlord  
  44  4:39  Queen x2  
  44  4:41  Overlord  
  44  4:42  Drone x2  
  50  4:46  Overlord  
  50  4:51  Drone x3  
  53  4:54  Drone  
  55  5:00  Drone x3  
  57  5:11  Roach Warren  
  57  5:13  Drone x3  
  59  5:17  Extractor  
  59  5:18  Extractor  
  59  5:20  Overlord  
  57  5:25  Spore Crawler  
  56  5:29  Overlord  
  56  5:32  Drone  
  56  5:33  Drone x2  
  59  5:37  Lair  
  59  5:42  Overlord  
  59  5:53  Roach x3  
  59  5:55  Roach  
  64  5:59  Drone x2  
  66  6:10  Roach x2  
  66  6:11  Roach  
  72  6:13  Drone x3  
  75  6:19  Drone  
  75  6:21  Extractor  
  75  6:30  Drone  
  76  6:33  Drone x2  
  76  6:34  Drone  
  76  6:38  Hatchery  
  78  6:46  Overseer  
  78  6:48  Spire  
  78  6:49  Drone x2  
  78  6:51  Overlord  
  79  7:01  Overlord  
  79  7:14  Drone x4  
  83  7:16  Evolution Chamber  
  83  7:17  Zergling x6, Evolution Chamber  
  84  7:23  Zergling x8  
  86  7:37  Spore Crawler  
  82  7:46  Overseer  
  72  8:07  Mutalisk x9  
  72  8:10  Drone x2  
  92  8:13  Drone x2  
  92  8:16  Drone x3  
  92  8:17  Drone  
  98  8:22  Drone  
  97  8:36  Drone x6  
  97  8:38  Drone x3  
  102  8:45  Drone x2  
  102  8:46  Drone  
  102  9:01  Drone x5  
  105  9:06  Drone  
  105  9:07  Drone x2  
  105  9:13  Drone  
  103  9:20  Drone x2  
  105  9:29  Overlord  
  105  9:31  Zerg Flyer Armor Level 1  
  105  9:33  Spore Crawler  
  104  9:39  Overlord x3  
  102  9:47  Drone x3  
  102  9:48  Drone  
  102  9:50  Hatchery  
  104  9:53  Drone  
  104  9:57  Drone x4  
  106  10:00  Drone x4  
  106  10:07  Hydralisk Den  
  102  10:09  Zergling x6  
  102  10:10  Zergling x2  
  104  10:15  Overlord  
  104  10:19  Queen, Extractor x2  
  104  10:20  Spine Crawler  
  103  10:33  Hatchery  
  100  10:41  Overseer  
  100  10:42  Muscular Augments  
  100  10:44  Hydralisk  
  100  10:45  Hydralisk x13  
  100  10:48  Drone  
  125  10:51  Zerg Melee Weapons Level 1, Zerg Ground Armor Level 1  
  125  11:02  Drone x6  
  131  11:12  Overseer x2  
  131  11:23  Spine Crawler  
  130  11:29  Extractor  
  129  11:33  Spore Crawler, Hydralisk x4  
  129  11:34  Zergling x8  
  129  11:35  Zergling x6  
  129  11:36  Overlord x2  
  129  11:37  Overlord x3  
  143  11:53  Infestation Pit, Drone x7  
  149  11:55  Overlord  
  149  12:13  Hatchery  
  149  12:14  Zerg Flyer Armor Level 2  
  149  12:15  Spore Crawler  
  147  12:23  Hydralisk x4  
  147  12:24  Zergling x24  
  147  12:26  Drone x2  
  169  12:54  Hydralisk x7  
  169  12:55  Zergling x14  
  169  12:57  Overlord x3  
  169  12:58  Overlord x2  
  184  13:19  Hydralisk x9  
  141  13:20  Zergling x8  
  141  13:21  Zergling x2  
  137  13:29  Hydralisk x4  
  137  13:30  Zergling x2  
  136  13:44  Zergling x14  
  139  13:53  Hydralisk x3  
  139  13:54  Zergling x2, Hydralisk  
  139  13:55  Zergling x2  
  147  14:01  Zergling x2  
  147  14:02  Zergling x10  
  149  14:13  Hydralisk x3  
  149  14:14  Zergling x4  
  149  14:15  Zergling x6  
  157  14:20  Zergling x6  
  142  14:25  Zergling x6  
  142  14:30  Hive  
  143  14:31  Spore Crawler  
  143  14:36  Hydralisk  
  143  14:37  Hydralisk x4  
  143  14:38  Zergling x6  
  139  15:05  Zergling x14  
  139  15:06  Zergling x28  
  147  15:12  Zerg Melee Weapons Level 2, Zerg Ground Armor Level 2  
  127  15:22  Zergling x12  
  105  15:51  Hydralisk x5  
  105  15:52  Hydralisk x7  
  105  15:53  Zergling x2, Hydralisk x2  
  105  15:54  Zergling x4  
  128  16:09  Hydralisk x6  
  128  16:10  Hydralisk  
  142  16:14  Greater Spire  
  142  16:16  Drone  
  142  16:17  Drone x4  
  147  16:19  Overseer x3  
  147  16:32  Hydralisk x5  
  145  16:33  Hydralisk x2  
  134  16:56  Zergling x20  
  134  16:57  Zergling x16  
  148  17:02  Spore Crawler  
  148  17:03  Extractor, Spine Crawler  
  145  17:10  Zergling x34  
  146  17:18  Hydralisk x3  
  146  17:19  Zergling x4  
  133  17:25  Zergling x8  
  133  17:26  Zergling x6  
  133  17:28  Hydralisk  
  126  17:30  Zergling x2  
  126  17:36  Hydralisk x3  
  115  17:38  Zergling x2  
  115  17:42  Hydralisk x2  
  115  17:43  Zergling x2  
  113  17:57  Hatchery  
  112  18:07  Hydralisk x3  
  112  18:08  Hydralisk x4  
  124  18:18  Hydralisk x3  
  124  18:19  Zergling x8  
  125  18:44  Zergling x12  
  125  18:45  Zergling x2  
  122  18:57  Hydralisk x2  
  122  18:58  Hydralisk x2  
  122  18:59  Zergling x32  
  131  19:33  Corruptor x3  
  131  19:34  Corruptor x4  
  131  19:37  Zerg Ground Armor Level 3, Zerg Melee Weapons Level 3  
  145  19:40  Zergling x2  
  145  19:41  Zergling x4  
  136  19:46  Zergling x8  
  139  19:56  Zergling x18  
  148  20:05  Zergling x16  
  156  20:10  Brood Lord  
  156  20:12  Brood Lord  
  151  20:21  Brood Lord  
  151  20:23  Brood Lord  
  151  20:32  Overlord x3  
  133  20:50  Brood Lord x2  
  133  20:51  Brood Lord, Hydralisk x4  
  133  20:52  Zergling x2, Hydralisk  
  133  20:53  Zergling x2  
  136  21:03  Zergling x14  
  129  21:08  Zergling x8  
  113  21:18  Zergling x14  
  102  21:40  Hydralisk x4  
  108  21:52  Hatchery  
  103  21:54  Viper  
  103  21:58  Infestor  
  103  21:59  Infestor x3  
  114  22:05  Hydralisk x2  
  104  22:21  Zergling x14  
  89  22:35  Zergling x12  
  88  22:53  Hydralisk x4  
  88  22:54  Zergling x2  
  83  23:07  Hydralisk x2  
  83  23:17  Hydralisk x3  
  87  23:28  Zergling x8  
  87  23:35  Zergling x4  
  87  23:36  Zergling x2  
Tags
 
Add a new tag
Caveats
  • Supply blocks, unpowered buildings, or Contaminate may cause inaccurate times.
  • Supply counts are checked every 10 seconds.